 Dungeon Crawl Stone Soup version 0.16-a0-4072-gc5a8185 (webtiles) character file.

118 Gronka the Skirmisher (level 5, 0/42 HPs)
             Began as a Human Fighter on Feb 21, 2015.
             Was an Initiate of Makhleb.
             Slain by an orc
             ... wielding a +0 war axe
              (8 damage)
             ... on level 3 of the Dungeon.
             The game lasted 00:06:31 (2020 turns).

Gronka the Skirmisher (Human Fighter)               Turns: 2020, Time: 00:06:31

Health: 0/42       AC:  6    Str: 18    XL:     5   Next: 23%
Magic:  5/5        EV:  7    Int:  8    God:    Makhleb [......]
Gold:   57         SH:  9    Dex: 12    Spells: 0 memorised, 4 levels left

rFire  . . .     SeeInvis .     a - +0 long sword
rCold  . . .     Clarity  .     b - +0 scale mail
rNeg   . . .     SustAb   .     c - +0 shield
rPois  .         Gourm    .     (no helmet)
rElec  .         Spirit   .     (no cloak)
rCorr  .         Warding  .     (no gloves)
rMut   .         Stasis   .     (no boots)
MR     .....                    (no amulet)
Stlth  ..........               (no ring)
                                (no ring)

@: lethally poisoned (0 -> -3), not resistant to hostile enchantments, extremely
unstealthy
A: no striking features
a: Renounce Religion


You were on level 3 of the Dungeon.
You worshipped Makhleb.
Makhleb was noncommittal.
You were not hungry.

You visited 1 branch of the dungeon, and saw 3 of its levels.

You collected 57 gold pieces.

Inventory:

Hand weapons
 a - a +0 long sword (weapon)
Armour
 b - a +0 scale mail (worn)
 c - a +0 shield (worn)
Magical devices
 d - a wand of magic darts (33)
Scrolls
 f - 2 scrolls of magic mapping
 g - a scroll of identify
 h - 2 scrolls of immolation {unknown}
 i - 5 scrolls of remove curse
 j - a scroll of enchant armour {unknown}
 k - a scroll of noise {unknown}
 l - a scroll of blinking {unknown}
 o - a scroll of fear {unknown}
 r - a scroll of enchant weapon {unknown}
Potions
 e - a potion of might
 n - 2 potions of curing {unknown}
 p - a potion of restore abilities {unknown}
 s - a potion of poison {unknown}
Comestibles
 m - 3 fruits
 q - a bread ration


   Skills:
 + Level 4.0 Fighting
 + Level 2.4 Long Blades
 + Level 3.5 Armour
 + Level 1.5 Dodging
 + Level 0.2 Stealth
 + Level 3.5 Shields


You had 4 spell levels left.
You didn't know any spells.

Dungeon Overview and Level Annotations

Branches:
Dungeon (3/15)

Altars:
Ashenzari
Makhleb
Sif Muna
Zin


Message History

The orc is heavily wounded.
You feel sick. You block the orc's attack. The orc hits you with a mace.
The orc hits you but does no damage.
You hit the orc.
The orc is severely wounded.
The orc hits you with a war axe. The orc barely misses you.
You block the orc's attack.
You feel sick.
You see here a poisoned needle.
You slash the orc!
You kill the orc!
Makhleb accepts your kill. The orc hits you with a war axe.
The orc hits you with a club.
* * * LOW HITPOINT WARNING * * *
You are too injured to fight recklessly!
You closely miss the orc.
You feel sick.
The kobold shoots a poisoned needle.
You block the poisoned needle. The orc hits you with a club.
* * * LOW HITPOINT WARNING * * *
The orc hits you with a war axe!
You die...

#....... ##......
....#.... #........#
#........# ###########
#......# #..).......
+....K.## #.#########
##.#...o)o.####.#........
.........@..+.............
............####.#.#.###..
###.#.###...# #.#.#<..+..
...........####.#.#.###..
.........>+.............
..........#........#####
#.[.#####...............
... #.#..#+##..####. .
##.##.#.##.......


You could see 2 orcs and a kobold.

Vanquished Creatures
  3 gnolls (D:2)
  4 adders
  A giant mite (D:3)
  3 giant geckos
  An ooze (D:3)
  3 orcs (D:3)
  6 giant cockroaches
  7 hobgoblins
  3 kobolds
  2 bats (D:2)
  A giant newt (D:2)
  5 goblins
  6 rats
45 creatures vanquished.

Notes
Turn   | Place    | Note
--------------------------------------------------------------
     0 | D:1      | Gronka, the Human Fighter, began the quest for the Orb.
     0 | D:1      | Reached XP level 1. HP: 18/18 MP: 1/1
   176 | D:1      | Reached XP level 2. HP: 24/24 MP: 2/2
   802 | D:2      | Reached XP level 3. HP: 27/29 MP: 3/3
   883 | D:2      | Found a shattered altar of Ashenzari.
   884 | D:2      | Found a deep blue altar of Sif Muna.
   884 | D:2      | Found a glowing silver altar of Zin.
   911 | D:2      | Reached XP level 4. HP: 27/36 MP: 4/4
  1032 | D:2      | Reached skill level 1 in Dodging
  1722 | D:3      | Reached skill level 4 in Fighting
  1722 | D:3      | Reached XP level 5. HP: 19/42 MP: 5/5
  1981 | D:3      | Found a burning altar of Makhleb.
  1992 | D:3      | Became a worshipper of Makhleb the Destroyer
  2020 | D:3      | Slain by an orc

Action                   |  1- 3 |  4- 6 || total
-------------------------+-------+-------++-------
Melee: Long sword        |    69 |   104 ||   173
  Use: Potion            |       |     1 ||     1
       Scroll            |       |     2 ||     2
  Eat: Bread ration      |       |     1 ||     1
